AoeStats
← DKT | SGO

Arabia

506186770Analyzed
1v1 RM · 20d ago on Sep 12, 2026· 29m 31s· 2 players
Game mode
Random Map
Map size
Tiny (2 player)
Population
200
Speed
Normal
Resources
Standard
Victory
Conquest
Starting age
Dark Age
Ending age
Imperial Age
RankedLock teamsTeams togetherTeam positionsShared explorationLock speedFull tech treeHidden civsTurbo modeCheats
Victory
Defeat
🇧🇷 Bengalis · Brazil
1392
+15
🇩🇪 Gurjaras · Germany
1363
-15
Karicus
6:03 Loom
8:58 Feudal Age
9:39 Double-Bit Axe
10:27 Horse Collar
19:10 Castle Age
17:36 Scale Barding Armor
17:31 Man-at-Arms
18:18 Gold Mining
19:16 Bloodlines
19:16 Scale Mail Armor
19:38 Light Cavalry
25:57 Town Watch
27:34 Wheelbarrow
26:47 Long Swordsman
27:31 Husbandry
DKT | SGO
7:27 Loom
9:52 Feudal Age
10:52 Double-Bit Axe
20:34 Castle Age
19:10 Gold Mining
21:55 Bow Saw
22:22 Wheelbarrow
22:31 Fervor
22:45 Sanctity
22:36 Redemption
29:12 Atonement
Connection lost

Rejoining the realm…

Still unreachable

The connection could not be restored.

Session expired

The server has moved on; the page needs a fresh start.